 Dungeon Crawl Stone Soup version 0.28-a0-1510-gd0f6b136d3 (webtiles) character file.

Game seed: 5965260327501356186

35 spiderkeys the Distorting Dwarf (level 3, 0/34 HPs)
             Began as a Deep Dwarf Abyssal Knight on Jan 15, 2022.
             Was a Believer of Lugonu.
             Slain by a worm (1 damage)
             ... on level 2 of the Dungeon.
             The game lasted 00:02:02 (926 turns).

spiderkeys the Distorting Dwarf (DDAK)               Turns: 926, Time: 00:02:02

Health: 0/34       AC:  3    Str: 18    XL:     3   Next: 17%
Magic:  5/5        EV: 11    Int: 10    God:    Lugonu [**....]
Gold:   86         SH:  0    Dex: 13    Spells: 2/2 levels left

rFire   . . .      SeeInvis .   a - +1 hand axe
rCold   . . .      Faith    .   (no shield)
rNeg    . . .      Spirit   .   b - +0 leather armour
rPois   .          Reflect  .   (no helmet)
rElec   .          Harm     .   (no cloak)
rCorr   .          Rampage  .   (no gloves)
Will    .....                   (no boots)
Stlth   +.........              (no amulet)
HPRegen 0.00/turn               (no ring)
MPRegen 0.09/turn               (no ring)

@: no status effects
A: damage resistance, heal wounds, sense surroundings 1, no regeneration
a: Heal Wounds, Renounce Religion, Depart the Abyss, Bend Space


You were on level 2 of the Dungeon.
You worshipped Lugonu.
Lugonu was pleased with you.
You visited 1 branch of the dungeon, and saw 2 of its levels.
You visited the Abyss 1 time.

You collected 86 gold pieces.


Innate Abilities, Weirdness & Mutations

You are resistant to damage.
You can heal yourself by infusing magical energy.
You passively map a small area around you.
You do not regenerate.


   Skills:
 + Level 3.0 Fighting
 + Level 2.7 Axes
 + Level 2.7 Armour
 - Level 1.1 Dodging
 + Level 3.1 Invocations


You had 2 spell levels left.
You didn't know any spells.
Your spell library was empty.

Inventory:

Hand Weapons
 a - a +1 hand axe (weapon)
Missiles
 c - 31 arrows
 e - 23 sling bullets
 f - 45 stones
Armour
 b - a +0 leather armour (worn)
Scrolls
 h - 2 scrolls of teleportation {unknown}
 j - a scroll of identify {unknown}
Potions
 d - a potion of lignification {unknown}
 g - a potion of magic {unknown}
 i - a potion of curing {unknown}
 k - a potion of flight {unknown}
 l - a potion of attraction {unknown}

Dungeon Overview and Level Annotations

Branches:
Dungeon (2/15)

Altars:

.# * * , * ## ### * *
####.## , * * ....#.# , ,
, ####.## * *, * #.##.# ,
, ,* , ,
...#.##################..
..........#......).......
,
...#..#.###.####@####.#..
..##..#.# * #..w.'..#,
.#....#.# #.#8.#.#..#, ,
.#.##.#.# #.####.##+#.#
.#.##.#.# #...........#*
......#.# #.####.##+#.# *
........# #.#..'.'..#
##.###### #.#..#.#.†#,
.#.# #.#)##.####.# * ,


You could see a worm.


Message History

You open the door.
There is an open door here.
j - a scroll labelled USTROU DA ZEWK
There is an open door here.
You open the door.
There is an open door here.
k - a lumpy cyan potion You open the door.
There is an open door here.
You open the door.
A goblin and a hobgoblin come into view.
The goblin shouts!
The hobgoblin shouts!
There are monsters nearby!
You barely miss the hobgoblin. The hobgoblin hits you.
The hobgoblin closely misses you.
You barely miss the hobgoblin. You hit the goblin.
You kill the goblin!
Lugonu accepts your kill.
You hit the hobgoblin. The hobgoblin hits you. 😕 HP[-1]
You take 1 damage, and now have 33/34 hp.
You hit the hobgoblin.
You kill the hobgoblin!
Lugonu accepts your kill.
No target in view!
No target in view!
There is an open door, spattered with blood here.
Things that are here:
a +0 club; a goblin corpse As you open the door, it creaks loudly!
There is an open door here.
You open the door.
A worm comes into view.
A worm is nearby!
There is an open door here.
The worm bites you! 😮 HP[-8]
You take 8 damage, and now have 25/34 hp.
MASSIVE DAMAGE!! (PAUSE)
You hit the worm. The worm misses you.
You hit the worm. You hit the worm. The worm closely misses you.
You hit the worm. The worm barely misses you.
You barely miss the worm. The worm bites you. 😮 HP[-2]
You take 2 damage, and now have 23/34 hp.
You barely miss the worm. You slash the worm! The worm bites you! 😮 HP[-5]
You take 5 damage, and now have 18/34 hp.
You barely miss the worm. The worm bites you.
* * * LOW HITPOINT WARNING * * *
😨 HP[-4]
You take 4 damage, and now have 14/34 hp.
You slash the worm!
You kill the worm!
Lugonu accepts your kill.
You see here a worm corpse.
There is an open door here.
As you open the door, it creaks loudly!
You hear a shout!
There is an open door here.
l - a sedimented coppery potion
There is an open door here.
A kobold comes into view. It is wielding a +0 short sword.
The kobold shouts!
The kobold barely misses you.
A kobold is nearby!
A kobold is nearby!
You hit the kobold. The kobold closely misses you.
You hit the kobold but do no damage. The kobold closely misses you.
You barely miss the kobold. The kobold misses you.
The kobold hits you with a +0 short sword.
* * * LOW HITPOINT WARNING * * *
😨 HP[-1]
You take 1 damage, and now have 13/34 hp.
You hit the kobold but do no damage.
The kobold hits you with a +0 short sword.
You barely miss the kobold. The kobold barely misses you.
You barely miss the kobold. The kobold barely misses you.
You barely miss the kobold. The kobold barely misses you.
You hit the kobold.
You kill the kobold!
Lugonu accepts your kill.
Things that are here:
a +0 short sword; a kobold corpse You open the door.
A worm comes into view.
You slash the worm! You barely miss the worm. The worm bites you!
* * * LOW HITPOINT WARNING * * *
😱 HP[-5]
You take 5 damage, and now have 8/34 hp.
You completely miss the worm. The worm bites you!
* * * LOW HITPOINT WARNING * * *
😱 HP[-7]
You take 7 damage, and now have 1/34 hp.
MASSIVE DAMAGE!! (PAUSE)
You hit the worm. The worm bites you.
You die...

Skill      XL: |  1  2 |
---------------+-------+-----
Invocations    | 3 |  3.1
Fighting       | 3 |  3.0
Axes           | |  2.7
Armour         | |  2.7
Dodging        | |  1.1

Action                   || total
-------------------------++-------
Melee: Hand axe          ||    97
       Punch             ||     1
 Abil: Heal Wounds       ||     1
 Stab: Sleeping          ||     1
Armor: Leather armour    ||    20
Dodge: Dodged            ||    60

Levels and vault maps discovered:
D:1:      tarquinn_simple_flora_water_c, layout_rooms,
          dreamdust_ecumenical_altar_grove
D:2:      minmay_door_path, layout_loops_corners, minmay_misc_feat_tower

Notes
Turn   | Place    | Note
-------+----------+-------------------------------------------
     0 | Abyss:1  | spiderkeys the Deep Dwarf Abyssal Knight began the quest
                  | for the Orb.
     0 | Abyss:1  | Reached XP level 1. HP: 20/20 MP: 2/2
     0 | Abyss:1  | magus.rc [v1.9.10]
     3 | Abyss:1  | Found a corrupted altar of Lugonu.
     6 | D:1      | You pass through the gate.
     6 | D:1      | Escaped the Abyss
   163 | D:1      | Reached XP level 2. HP: 24/27 MP: 4/4
   247 | D:1      | Reached ** piety under Lugonu
   248 | D:1      | Reached skill level 3 in Invocations
   321 | D:1      | Reached skill level 3 in Fighting
   358 | D:1      | Found a faded altar of an unknown god.
   742 | D:2      | HP: 7/28 [kobold (2)]
   835 | D:2      | Reached XP level 3. HP: 34/34 MP: 5/5
   924 | D:2      | HP: 8/34 [worm (5)]
   925 | D:2      | HP: 1/34 [worm (7)]
   926 | D:2      | Slain by a worm

Vanquished Creatures
  A worm (D:2)
  A ball python (D:1)
  3 endoplasms (D:1)
  2 giant cockroaches
  2 goblins (D:2)
  4 hobgoblins
  3 jackals (D:1)
  3 quokkas (D:1)
  A bat (D:1)
  A frilled lizard (D:1)
  5 kobolds
  2 rats (D:1)
28 creatures vanquished.

Vanquished Creatures (others)
  A plant (D:1)
1 creature vanquished.

Grand Total: 29 creatures vanquished

Table legend:
 A = Non-vault XP
 B = Vault XP
 C = Vault XP percentage of total XP
 D = Non-vault monster count
 E = Vault monster count
 F = Vault count percentage of total count
                 A         B        C        D         E       F
            +---------+---------+-------+---------+---------+-------
      Total |      42 |       9 |  17.6 |      25 |       3 |  10.7
            +---------+---------+-------+---------+---------+-------
        D:1 |      34 |       0 |   0.0 |      20 |       0 |   0.0
        D:2 |       8 |       9 |  52.9 |       5 |       3 |  37.5
            +---------+---------+-------+---------+---------+-------

Illustrated notes

Table legend:
 A = Kills in this place as a percentage of kills in entire the game.
 B = Kills by you in this place as a percentage of kills by you in the entire game.
 C = Kills by friends in this place as a percentage of kills by friends in the entire game.
 D = Other kills in this place as a percentage of other kills in the entire game.
 E = Experience gained in this place as a percentage of experience gained in the entire game.
 F = Experience gained in this place divided by the number of levels of this place that you have seen.
                   A       B       C       D       E      F
               +-------+-------+-------+-------+-------+----------------------
         Total | 100.0 | 100.0 |   N/A |   N/A | 100.0 |  17.0
       Dungeon | 100.0 | 100.0 |   N/A |   N/A | 100.0 |  25.5
               +-------+-------+-------+-------+-------+----------------------

Table legend: (Time is in decaauts)
 A = Elapsed time spent in this place.
 B = Non-inter-level travel time spent in this place.
 C = Inter-level travel time spent in this place.
 D = Time resting spent in this place.
 E = Time spent auto-exploring this place.
 F = Levels seen in this place.
 G = Mean time per level.
                   A        B        C        D        E       F      G
               +--------+--------+--------+--------+--------+-----+--------+
         Total |    944 |    920 |     24 |      0 |    701 |   3 |  314.7 |
       Dungeon |    938 |    914 |     24 |      0 |    698 |   2 |  469.0 |
         Abyss |      6 |      6 |      0 |      0 |      3 |   1 |    6.0 |
               +--------+--------+--------+--------+--------+-----+--------+

Top non-repeatable levels by time:
     D:2: 498 daAuts
     D:1: 439 daAuts
 Abyss:1: 6 daAuts
